Match 27959246
Unlisted

Match 27959246
End
Construct Section Command Post
Dingo Light Scout Car
Infantry Section
Infantry Section
Construct Platoon Command Post
Unlock M3 Stuart Light Tanks
M3 Stuart Light Tank
M3 Stuart Light Tank
M3 Stuart Light Tank
Selects Air and Sea Battlegroup
Selects Supply Surplus
Construct Resource Cache
Construct Resource Cache
Construct Resource Cache
Construct Company Command Post
Construct Field Infirmary
Selects Centaur Medium Tank
Matilda II Heavy Tank
Selects Naval Bombardment
Infantry Training
Unlock M3 Grant Medium Tanks
Naval Bombardment
Selects Commando Section Paradrop
Selects M1 Pack Howitzer Paradrop
M3 Grant Medium Tank
Unlock Bishop Self-propelled Artillery
Bishop Self-propelled Artillery
Bishop Self-propelled Artillery
Naval Bombardment
Light Vehicle Training
Armored Vehicle Training
Selects Anti-tank Rocket Loiter
M3 Grant Medium Tank
M3 Grant Medium Tank
Naval Bombardment
Bishop Self-propelled Artillery
Bishop Self-propelled Artillery
Unlock Towed 17-pounder Anti-tank Guns
17-pounder Anti-tank Gun Team
Royal Engineer Section
Naval Bombardment
Grimauldus
LW | MUERTE
Insurmountable Odds
Lero
我真的不是驴
AshCo Dismas
梅尔辛
HABIKIHojo
0
0

Comments sign in to comment!

No comments posted yet!